 Dungeon Crawl Stone Soup version 0.18-a0-1171-ga8e22e7 (webtiles) character file.

139 Azzok the Cutter (level 5, -5/45 HPs)
             Began as a Minotaur Fighter on Jan 26, 2016.
             Slain by an ogre
             ... wielding a +0 giant club
              (6 damage)
             ... on level 3 of the Dungeon.
             The game lasted 00:06:35 (2426 turns).

Azzok the Cutter (Minotaur Fighter)                 Turns: 2426, Time: 00:06:36

Health: -5/45      AC:  9    Str: 21    XL:     5   Next: 1%
Magic:  4/4        EV:  5    Int:  8    God:
Gold:   141        SH:  9    Dex: 10    Spells: 0 memorised, 4 levels left

rFire  . . .     SeeInvis .     a - +0 rapier
rCold  . . .     Gourm    .     t - +0 chain mail
rNeg   . . .     Faith    .     c - +0 shield
rPois  .         Spirit   .     (helmet restricted)
rElec  .         Dismiss  .     (no cloak)
rCorr  .         Reflect  .     (no gloves)
SustAt .         Harm     .     (no boots)
MR     .....                    (no amulet)
Stlth  ..........               (no ring)
                                k - +3 ring of intelligence

@: not resistant to hostile enchantments, extremely unstealthy
A: retaliatory headbutt, horns 2
a: no special abilities


You were on level 3 of the Dungeon.
You were not hungry.

You visited 1 branch of the dungeon, and saw 4 of its levels.

You collected 141 gold pieces.

Inventory:

Hand Weapons
 a - a +0 rapier (weapon)
 m - a +4 whip
Missiles
 i - 4 curare-tipped needles
Armour
 c - a +0 shield (worn)
 t - a +0 chain mail (worn)
Jewellery
 k - a +3 ring of intelligence (left hand)
Scrolls
 e - 2 scrolls of recharging {unknown}
 g - 4 scrolls of identify {unknown}
 h - a scroll of teleportation {unknown}
 j - a scroll of fear {unknown}
 r - a scroll of magic mapping {unknown}
 v - a scroll of immolation {unknown}
Potions
 d - 4 potions of might
 l - a potion of brilliance {unknown}
 n - 2 potions of haste {unknown}
 o - 2 potions of curing {unknown}
 p - 2 potions of magic {unknown}
 s - a potion of cancellation {unknown}
 w - a potion of heal wounds {unknown}
Comestibles
 b - a chunk of flesh
 f - 3 bread rations
 q - 2 meat rations
 u - a beef jerky
 x - a royal jelly


   Skills:
 - Level 3.6 Fighting
 + Level 5.7 Short Blades
 - Level 3.6 Armour
 - Level 3.6 Shields


You had 4 spell levels left.
You didn't know any spells.

Dungeon Overview and Level Annotations

Branches:
Dungeon (4/15)
 Temple: D:4-7

Altars:
Fedhas
Makhleb
Xom

Portals:
Sewer: D:4


Innate Abilities, Weirdness & Mutations

You reflexively headbutt those who attack you in melee.
You have a pair of horns on your head.


Message History

Unknown command.
You closely miss the river rat. You block the jackal's attack.
The river rat barely misses you. You furiously retaliate!
You headbutt the river rat. The ogre hits you with a giant club!
* * * LOW HITPOINT WARNING * * *
You block the jackal's attack.
You hit the river rat but do no damage. You headbutt the river rat.
The river rat is almost dead.
The jackal bites you but does no damage.
The river rat barely misses you.
You barely miss the river rat.
The river rat is almost dead.
The ogre barely misses you. You block the jackal's attack.
The river rat bites you.
* * * LOW HITPOINT WARNING * * *
You hit the river rat.
You kill the river rat!
You have reached level 5!
You block the jackal's attack. The ogre hits you with a giant club.
You die...

#....รท.....# #.......+..
#..........# #.##....###
########.### #.##....#
######.# ###'#######
#......####........#
#.........'........# ##
#......####........# #.
#####.....O####........###.
#...'....h@...'..........'.
#.###......####........###.
#.# ######.####........# #.
####.####............###### ##
#.........................# #
####......[.......############
#.############.............
#.# #.############ #.#
#.####### #


You could see an ogre and a jackal.

Vanquished Creatures
  A worker ant (D:3)
  2 adders
  A river rat (D:3)
  A shadow imp (D:3)
  An ooze (D:1)
  4 worms (D:3)
  4 giant cockroaches
  9 hobgoblins
  3 jackals (D:2)
  8 kobolds
  A quokka (D:3)
  2 ball pythons
  9 bats
  6 giant newts
  6 goblins
  12 rats
70 creatures vanquished.

Notes
Turn   | Place    | Note
--------------------------------------------------------------
     0 | D:1      | Azzok the Minotaur Fighter began the quest for the Orb.
     0 | D:1      | Reached XP level 1. HP: 19/19 MP: 0/0
   193 | D:1      | Reached XP level 2. HP: 26/26 MP: 1/1
   786 | D:2      | Found a blossoming altar of Fedhas.
   819 | D:2      | Reached XP level 3. HP: 31/31 MP: 2/2
   878 | D:2      | Reached skill level 4 in Short Blades
  1060 | D:2      | Found a shimmering altar of Xom.
  1061 | D:2      | Found a burning altar of Makhleb.
  1332 | D:3      | Reached XP level 4. HP: 12/39 MP: 3/3
  1769 | D:3      | Reached skill level 5 in Short Blades
  2409 | D:4      | Found a glowing drain.
  2414 | D:4      | Noticed an ogre
  2425 | D:3      | HP: 1/39 [river rat (1)]
  2426 | D:3      | Reached XP level 5. HP: 1/45 MP: 4/4
  2426 | D:3      | Slain by an ogre

Vault maps used:
D:1:      scummos_arrival_checkerplants
D:2:      nicolae_overflow_hidden_temple, fedhas_altar_2
D:3:      first_bread
D:4:      grunt_gozag_breadcrumbs, portal_sewer_entry_a, kennysheep_flooded_box,
          uniq_pikel

Action                   |  1- 3 |  4- 6 || total
-------------------------+-------+-------++-------
Melee: Rapier            |   103 |    64 ||   167
  Eat: Chunk             |     1 |     4 ||     5
